 Dungeon Crawl Stone Soup version 0.28.0-53-g5a82cb258f (webtiles) character file.

Game seed: 5434371612502709608

182 Zeld the Skirmisher (level 5, -2/48 HPs)
             Began as a Minotaur Berserker on June 9, 2022.
             Was a Priest of Trog.
             Slain by a kobold
             ... wielding a +0 whip
              (4 damage)
             ... on level 3 of the Dungeon.
             The game lasted 00:01:37 (2284 turns).

Zeld the Skirmisher (Minotaur Berserker)            Turns: 2284, Time: 00:01:38

Health: -2/48      AC:  2    Str: 23    XL:     5   Next: 34%
Magic:  4/4        EV: 12    Int:  4    God:    Trog [***...]
Gold:   98         SH:  0    Dex: 10    Spells: 4/4 levels left

rFire   . . .      SeeInvis .   a - +0 hand axe
rCold   . . .      Faith    .   (no shield)
rNeg    . . .      Spirit   .   b - +0 animal skin
rPois   .          Reflect  .   (helmet restricted)
rElec   .          Harm     .   (no cloak)
rCorr   .          Rampage  .   (no gloves)
Will    .....                   (no boots)
Stlth   +.........              (no amulet)
HPRegen 0.16/turn               (no ring)
MPRegen 0.09/turn               (no ring)

@: on berserk cooldown, slowed, very slow
A: horns 2, retaliatory headbutt
a: Renounce Religion, Berserk, Trog's Hand


You were on level 3 of the Dungeon.
You worshipped Trog.
Trog was most pleased with you.
You visited 1 branch of the dungeon, and saw 3 of its levels.

You collected 98 gold pieces.

Inventory:

Hand Weapons
 a - a +0 hand axe (weapon)
Armour
 b - a +0 animal skin (worn)
Scrolls
 c - a scroll of teleportation {unknown}
 e - a scroll of magic mapping {unknown}
 f - a scroll of enchant weapon {unknown}
 g - a scroll of acquirement {unknown}
 h - 2 scrolls of silence {unknown}
 i - a scroll of identify {unknown}
Potions
 d - a potion of attraction {unknown}


   Skills:
 * Level 5.1 Fighting
 * Level 5.1 Axes
 + Level 3.5 Armour
 + Level 3.2 Dodging


You had 4 spell levels left.
You didn't know any spells.
Your spell library was empty.

Dungeon Overview and Level Annotations

Branches:
Dungeon (3/15)

Altars:


Innate Abilities, Weirdness & Mutations

You have a pair of horns on your head.
You reflexively headbutt those who attack you in melee.


Message History

You closely miss something. Your headbutt misses something.
You miss the crimson imp. Something claws you!
* * * LOW HITPOINT WARNING * * *
You miss something. You headbutt something. Trog accepts your kill.
Trog appreciates your killing of a magic user.
Reactivating autopickup.
The crimson imp disappears in a puff of smoke!
You feel a bit more experienced.
You barely miss the frilled lizard.
Your headbutt misses the frilled lizard.
The frilled lizard bites you.
* * * LOW HITPOINT WARNING * * *
You miss the frilled lizard. The frilled lizard closely misses you.
Unknown command.
You closely miss the frilled lizard.
Unknown command.
You closely miss the frilled lizard. The frilled lizard barely misses you.
You closely miss the frilled lizard. You headbutt the frilled lizard.
You kill the frilled lizard!
Trog accepts your kill. The kobold hits you with a +0 dagger.
* * * LOW HITPOINT WARNING * * *
You see here a frilled lizard corpse.
Unknown command.
You slash the kobold!
You kill the kobold!
Trog accepts your kill. The kobold misses you.
You see here a +0 dagger.
You closely miss the kobold. Your headbutt misses the kobold.
You are no longer berserk.
You are exhausted.
You feel yourself slow down. The kobold hits you with a +0 whip.
* * * LOW HITPOINT WARNING * * *
You closely miss the kobold. The kobold misses you.
A kobold is nearby!
You closely miss the kobold. The kobold hits you but does no damage.
The kobold hits you with a +0 whip.
You die...

...[....## #.gg.#####...#
........# ####).)####..#######
........# ###.))..........##
...<....###############.........#
####..###.......# #.)........
#..# #.......# ##.)........ ..##
#.......# #......!.... .#
#.......######...........
###......K@†...#........... .
#...##########........[...# ...
#.### ###.#........#
.....#.####### #...........
..............########...........
....................##....(.....>
#.....#.......#####..............
#.....######### #####..........
#...?. ##........#


You could see a kobold.

Vanquished Creatures
  A hound (D:3)
  Natasha (twice) (D:3)
  Robin (D:3)
  2 adders
  A dart slug (D:1)
  An orc (D:3)
  3 bats
  6 endoplasms
  A giant cockroach (D:1)
  10 goblins
  8 hobgoblins
  4 quokkas
  3 ball pythons
  9 frilled lizards
  7 kobolds
  7 rats
66 creatures vanquished.

Notes
Turn   | Place    | Note
-------+----------+-------------------------------------------
     0 | D:1      | Zeld the Minotaur Berserker began the quest for the Orb.
     0 | D:1      | Reached XP level 1. HP: 19/19 MP: 0/0
    32 | D:1      | Found a faded altar of an unknown god.
   136 | D:1      | Reached XP level 2. HP: 23/27 MP: 1/1
   794 | D:2      | Reached XP level 3. HP: 33/33 MP: 2/2
   807 | D:2      | Reached ** piety under Trog
  1343 | D:3      | Noticed Robin
  1633 | D:3      | Reached XP level 4. HP: 34/41 MP: 3/3
  1641 | D:3      | Killed Robin
  2051 | D:3      | Reached *** piety under Trog
  2178 | D:3      | Noticed Natasha
  2184 | D:3      | Killed Natasha
  2185 | D:3      | Reached skill level 5 in Fighting
  2185 | D:3      | Reached skill level 5 in Axes
  2185 | D:3      | Reached XP level 5. HP: 17/48 MP: 4/4
  2235 | D:3      | Noticed Natasha
  2273 | D:3      | Killed Natasha
  2282 | D:3      | HP: 1/48 [kobold/+0 whip (5)]
  2284 | D:3      | Slain by a kobold

Illustrated notes

Levels and vault maps discovered:
D:1:      dpeg_arrival_tiny_b, layout_rooms, basic_ecumenical_altar
D:2:      layout_loops_ring
D:3:      layout_rooms, minmay_misc_feat_chi, uniq_natasha, uniq_robin

Skill      XL: |  1  2  3  4 |
---------------+-------------+-----
Axes           | 4 5 |  5.1
Fighting       | 4 5 |  5.1
Armour         | 3 |  3.5
Dodging        | 3 |  3.2

Action                   |  1- 3 |  4- 6 || total
-------------------------+-------+-------++-------
Melee: Hand axe          |    90 |    46 ||   136
       Headbutt          |     8 |     8 ||    16
       Punch             |     2 |     2 ||     4
Invok: Berserk           |       |     1 ||     1
Armor: Animal skin       |    20 |     2 ||    22
Dodge: Dodged            |    73 |    38 ||   111
